 Dungeon Crawl Stone Soup version 0.20-a0-754-g13ddd6e (webtiles) character file.

147 esteth the Ruffian (level 5, -5/45 HPs)
             Began as a Draconian Transmuter on Feb 26, 2017.
             Killed from afar by a hobgoblin (22 damage)
             ... with a wand of lightning (?/15)
             ... on level 3 of the Dungeon.
             The game lasted 00:04:36 (2151 turns).

esteth the Ruffian (Draconian Transmuter)           Turns: 2151, Time: 00:04:37

Health: -5/45      AC:  5    Str: 13    XL:     5   Next: 8%
Magic:  8/8        EV: 12    Int: 14    God:
Gold:   43         SH:  0    Dex: 11    Spells: 5/8 levels left

rFire    . . .     SeeInvis +     - Unarmed
rCold    . . .     Gourm    .   (armour unavailable)
rNeg     . . .     Faith    .   (no shield)
rPois    .         Spirit   .   (helmet restricted)
rElec    .         Reflect  .   (no cloak)
rCorr    .         Harm     .   (no gloves)
MR       .....                  (no boots)
Stlth    +.........             k - amulet of regeneration
Regen    0.6/turn               (no ring)
MPRegen  0.2/turn               f - ring of see invisible

@: no status effects
A: unfitting armour, cold-blooded, AC +5
a: no special abilities


You were on level 3 of the Dungeon.
You were not hungry.

You visited 1 branch of the dungeon, and saw 3 of its levels.

You collected 43 gold pieces.

Inventory:

Missiles
 a - 12 arrows
Jewellery
 f - a ring of see invisible (left hand)
 k - an amulet of regeneration (around neck)
Scrolls
 d - 5 scrolls of remove curse
 e - a scroll of teleportation
 h - a scroll of fear
Books
 b - a book of Changes

   Spells                             Type                      Level
   a - Beastly Appendage              Transmutation                1
   b - Sticks to Snakes               Transmutation                2
   c - Spider Form                    Transmutation/Poison         3
   d - Ice Form                       Ice/Transmutation            4
   e - Blade Hands                    Transmutation                5
Comestibles
 c - a bread ration
 g - 2 meat rations
 i - 3 chunks of flesh


   Skills:
 + Level 3.2 Fighting
 - Level 1.7 Dodging
 - Level 5.0 Unarmed Combat
 - Level 2.0 Spellcasting
 - Level 2.0 Transmutations


You had 5 spell levels left.
You knew the following spells:

 Your Spells              Type           Power        Failure   Level  Hunger
a - Beastly Appendage     Tmut           #.....       12%         1    ##.....
b - Sticks to Snakes      Tmut           #.......     17%         2    ###....


Dungeon Overview and Level Annotations

Branches:
Dungeon (3/15)

Altars:


Innate Abilities, Weirdness & Mutations

Your plain brown scales are hard. (AC +5)
You cannot fit into any form of body armour.
You are cold-blooded and may be slowed by cold attacks.


Message History

You completely miss the goblin. You tail-slap the goblin.
The goblin is severely wounded.
The goblin hits you with a dagger.
* * * LOW HITPOINT WARNING * * *
A hobgoblin comes into view. It is wielding a club.
You barely miss the goblin.
The goblin is severely wounded.
The hobgoblin shouts!
The goblin hits you but does no damage.
You hit the goblin.
You kill the goblin!
You barely miss the hobgoblin. The hobgoblin hits you with a club.
* * * LOW HITPOINT WARNING * * *
You closely miss the hobgoblin.
You tail-slap the hobgoblin, but do no damage.
The hobgoblin hits you but does no damage.
The hobgoblin zaps a wand.
The bolt of lightning misses you.
It is a wand of lightning (?/15).
The hobgoblin zaps a wand.
The bolt of lightning hits you!
You die...

###### ....# #..# #
###..#################
#.##....@....#...........
#.......#.##.#.##.#.##.#.
#.##.#..#.##.#.##.#.##.#.
#......g#......รท..#.##.#.
#.##....####.#.####.##.##
#.###...####.#.# #.##.<.
#............#.. ).#####
##.##.##.###.....########
# ##.##.# #.....#.....##


You could see a hobgoblin.

Vanquished Creatures
  Jessica (D:2)
  4 adders (D:2)
  2 oozes (D:2)
  3 worms
  3 dart slugs
  3 ball pythons
  A giant cockroach (D:3)
  8 goblins
  7 hobgoblins
  9 jackals
  3 kobolds (D:1)
  9 bats
  4 frilled lizards
  4 rats
61 creatures vanquished.

Notes
Turn   | Place    | Note
-------+----------+-------------------------------------------
     0 | D:1      | esteth the Draconian Transmuter began the quest for the Orb.
     0 | D:1      | Reached XP level 1. HP: 16/16 MP: 3/3
   530 | D:1      | Reached XP level 2. HP: 18/23 MP: 5/5
   800 | D:1      | Reached skill level 4 in Unarmed Combat
   966 | D:2      | Reached XP level 3. HP: 10/28 MP: 6/6
  1386 | D:2      | Noticed Jessica
  1397 | D:2      | Killed Jessica
  1397 | D:2      | Reached skill level 5 in Unarmed Combat
  1397 | D:2      | Reached XP level 4. HP: 27/35 MP: 7/7
  1842 | D:2      | Learned a level 2 spell: Sticks to Snakes
  2104 | D:3      | Reached XP level 5. HP: 45/45 MP: 8/8
  2151 | D:3      | Killed from afar by a hobgoblin

Vault maps used:
D:1:      lightli_arrival_isolated_outpost, minmay_misc_feat_secret_circle,
          kennysheep_pointless_box, roderic_lattice_a, minmay_tromino_v4_a
D:2:      uniq_jessica
D:3:      minmay_roachtagon, nicolae_dithmenos_through_a_glass_darkly,
          uniq_robin

Skill      XL: |  1  2  3  4 |
---------------+-------------+-----
Unarmed Combat | 4 5 |  5.0
Fighting       | 3 |  3.2
Dodging        | |  1.7
Spellcasting   | |  2.0
Transmutations | |  2.0

Action                   |  1- 3 |  4- 6 || total
-------------------------+-------+-------++-------
Melee: Unarmed           |   137 |   124 ||   261
       Tailslap          |     9 |     8 ||    17
  Use: Scroll            |     4 |     3 ||     7
       Potion            |     4 |     1 ||     5
 Stab: Sleeping          |     1 |       ||     1
  Eat: Chunk             |     2 |     2 ||     4
Armor: Skin              |    58 |    34 ||    92
Dodge: Dodged            |   109 |    81 ||   190
